Map: Taito Citadel LE

Players

GhostDragon - Winner!

  • Race: Protoss Protoss
  • League: Gold
  • Spawn Location: 5:00

SCIInewby

  • Race: Protoss Protoss
  • League: Master
  • Spawn Location: 11:00

VOD

Have the link to the VOD?

Description

Time

  • Played on: Feb. 7, 2026, 3:33 p.m.
  • Length: 19:02
Show
View Real Time Build Order
Export as new Build Order

GhostDragon Protoss - Winner!

Build Orders: Carriers 

Get SALT Encoding   

  1  0:00  Probe  
  12  0:06  Probe  
  14  0:26  Pylon, Probe  
  15  0:44  Probe  
  15  0:46  Forge  
  16  0:56  Probe  
  17  1:03  Pylon  
  17  1:11  Pylon  
  17  1:14  Pylon  
  17  1:34  Photon Cannon  
  17  1:40  Pylon  
  17  1:54  Probe  
  17  2:00  Pylon  
  18  2:03  Probe  
  19  2:12  Probe  
  19  2:15  Photon Cannon  
  20  2:17  Pylon  
  20  2:24  Probe  
  21  2:30  Pylon  
  21  2:38  Photon Cannon  
  21  2:45  Photon Cannon  
  21  2:51  Pylon  
  21  2:52  Pylon  
  21  2:54  Pylon  
  21  3:13  Photon Cannon  
  21  3:18  Pylon  
  21  3:27  Pylon  
  20  3:58  Assimilator  
  20  3:59  Gateway  
  20  4:00  Gateway  
  20  4:12  Assimilator  
  20  4:16  Probe  
  20  4:24  Probe  
  22  4:32  Nexus  
  22  4:33  Probe  
  22  4:35  Pylon  
  23  4:45  Probe  
  24  4:57  Photon Cannon  
  24  5:00  Photon Cannon  
  24  5:02  Pylon  
  24  5:08  Assimilator, Zealot x2  
  24  5:09  Assimilator  
  28  5:22  Probe  
  29  5:31  Cybernetics Core  
  29  5:34  Probe  
  30  5:38  Pylon  
  30  5:46  Probe  
  30  5:48  Pylon  
  31  5:52  Pylon  
  31  5:57  Pylon, Probe  
  31  5:58  Probe  
  33  6:09  Probe  
  34  6:12  Shield Battery  
  34  6:13  Shield Battery  
  34  6:17  Photon Cannon  
  34  6:26  Pylon  
  34  6:28  Pylon  
  34  6:34  Probe  
  34  6:39  Photon Cannon  
  35  6:43  Probe  
  35  6:44  Probe  
  36  6:52  Probe x2  
  39  7:01  Probe  
  39  7:04  Probe  
  41  7:14  Robotics Facility  
  41  7:17  Photon Cannon  
  41  7:25  Stargate  
  41  7:26  Stargate  
  41  7:32  Photon Cannon  
  41  7:40  Pylon  
  41  7:46  Probe  
  41  7:47  Photon Cannon  
  42  7:54  Probe  
  42  8:04  Probe, Photon Cannon  
  43  8:07  Probe, Photon Cannon  
  43  8:11  Photon Cannon  
  45  8:15  Probe  
  45  8:16  Probe  
  55  8:21  Void Ray  
  55  8:23  Observer, Void Ray  
  56  8:28  Probe  
  57  8:35  Stalker  
  57  8:36  Stalker  
  57  8:40  Observer  
  62  9:09  Nexus, Void Ray x2  
  70  9:30  Stargate  
  70  9:52  Void Ray  
  74  10:01  Void Ray, Pylon  
  74  10:04  Pylon  
  74  10:07  Pylon  
  74  10:09  Probe  
  74  10:11  Assimilator  
  75  10:14  Assimilator  
  79  10:21  Probe  
  79  10:27  Void Ray  
  79  10:28  Stargate  
  80  10:33  Probe  
  80  10:35  Void Ray  
  85  10:45  Probe  
  86  10:57  Probe  
  87  11:04  Pylon  
  87  11:06  Pylon  
  87  11:09  Pylon  
  103  11:29  Void Ray x3  
  103  11:30  Void Ray  
  103  11:49  Photon Cannon  
  103  11:51  Photon Cannon  
  103  11:52  Photon Cannon  
  115  12:35  Void Ray x3  
  115  12:36  Void Ray  
  119  12:59  Fleet Beacon  
  119  13:04  Robotics Bay  
  123  13:13  Probe  
  123  13:18  Void Ray  
  124  13:21  Probe  
  124  13:24  Photon Cannon  
  124  13:26  Photon Cannon  
  125  13:30  Photon Cannon  
  125  13:31  Probe  
  125  13:32  Photon Cannon  
  126  13:35  Photon Cannon  
  126  13:37  Shield Battery  
  126  13:40  Shield Battery  
  126  13:43  Probe, Photon Cannon  
  126  13:44  Observer  
  128  13:50  Carrier  
  128  13:55  Probe  
  135  13:57  Stargate  
  135  13:59  Stargate  
  135  14:02  Observer  
  136  14:07  Probe, Stargate  
  137  14:19  Probe  
  137  14:20  Observer  
  139  14:33  Nexus  
  139  14:39  Probe  
  140  14:47  Probe  
  141  14:56  Probe  
  142  15:00  Observer  
  142  15:04  Carrier x2  
  155  15:08  Probe  
  156  15:18  Observer  
  157  15:31  Pylon  
  157  15:34  Pylon  
  157  15:37  Pylon  
  157  15:41  Pylon  
  157  15:43  Pylon  
  157  15:44  Observer  
  157  15:46  Pylon  
  157  15:47  Assimilator  
  157  15:49  Assimilator  
  158  15:56  Photon Cannon  
  158  16:00  Photon Cannon  
  158  16:04  Photon Cannon  
  158  16:09  Photon Cannon  
  154  16:12  Photon Cannon  
  154  16:14  Photon Cannon  
  154  16:16  Photon Cannon  
  154  16:55  Carrier  
  154  16:56  Carrier x4  
  184  17:15  Shield Battery  
  184  17:18  Shield Battery  
  184  17:21  Photon Cannon  
  184  17:29  Probe  
  185  17:41  Probe  
  185  17:43  Tempest x2  
  194  17:59  Tempest  
Show
View Real Time Build Order
Export as new Build Order

SCIInewby Protoss 

Build Orders:  

Get SALT Encoding   

  12  0:00  Probe  
  13  0:12  Probe  
  14  0:19  Pylon  
  14  0:35  Probe  
  15  0:47  Gateway  
  15  0:51  Probe  
  15  0:56  Assimilator  
  16  1:03  Probe  
  17  1:20  Probe  
  18  1:32  Probe  
  19  1:44  Probe  
  20  1:56  Probe  
  21  2:08  Probe  
  22  2:20  Probe  
  23  2:24  Pylon  
  23  2:33  Zealot  
  23  2:42  Probe  
  24  2:54  Probe  
  25  3:03  Zealot  
  27  3:06  Probe  
  27  3:18  Probe  
  28  3:31  Probe  
  29  3:43  Probe  
  30  3:55  Probe  
  31  4:12  Assimilator  
  31  4:29  Gateway  
  31  4:37  Pylon  
  31  4:40  Probe  
  31  4:54  Nexus  
  31  4:55  Probe  
  31  4:57  Zealot  
  34  5:07  Probe  
  34  5:13  Zealot  
  35  5:19  Probe  
  38  5:28  Pylon  
  38  5:31  Probe  
  39  5:39  Cybernetics Core  
  39  5:46  Zealot x2  
  43  5:53  Pylon  
  41  6:07  Probe x2  
  43  6:15  Gateway  
  43  6:16  Zealot, Warp Gate  
  43  6:19  Gateway, Probe x2  
  43  6:21  Zealot  
  49  6:38  Probe x2  
  51  6:47  Probe  
  51  6:49  Twilight Council  
  51  6:50  Probe  
  51  6:51  Assimilator  
  49  7:02  Probe  
  49  7:05  Pylon  
  48  7:18  Pylon  
  48  7:20  Pylon  
  48  7:25  Stargate  
  48  7:27  Stargate  
  48  7:37  Forge  
  48  7:42  Assimilator  
  48  7:43  Probe x2  
  50  8:13  Fleet Beacon  
  50  8:21  Stalker x4  
  66  8:28  Void Ray  
  66  8:29  Void Ray  
  66  8:31  Nexus  
  66  8:35  Pylon  
  66  8:37  Pylon  
  66  8:40  Photon Cannon  
  66  8:45  Zealot  
  66  8:46  Zealot x2  
  72  8:49  Probe x2  
  74  8:59  Zealot  
  74  9:01  Probe  
  74  9:02  Probe  
  78  9:05  Protoss Shields Level 1  
  78  9:13  Probe  
  79  9:23  Carrier x2  
  87  9:43  Stalker x2  
  87  9:54  Probe x3  
  90  10:02  Pylon  
  90  10:04  Stalker x2  
  90  10:06  Probe x3  
  97  10:12  Charge  
  97  10:18  Probe x3  
  97  10:19  Stalker  
  72  10:56  Stalker x2  
  60  10:57  Stalker  
  60  10:58  Stalker  
  60  11:00  Void Ray x2  
  64  11:28  Gateway  
  64  11:29  Gateway  
  64  11:32  Gateway  
  64  11:33  Gateway  
  64  11:34  Void Ray x2  
  64  11:35  Gateway, Zealot  
  64  11:36  Zealot x2  
  74  11:57  Stalker x4  
  58  12:11  Photon Cannon  
  49  12:27  Stalker x2  
  49  12:28  Stalker  
  53  12:31  Stalker  
  51  12:40  Stalker x2  
  51  12:41  Stalker, Nexus  
  55  12:49  Probe x2  
  51  12:55  Zealot  
  52  13:01  Probe x2  
  54  13:18  Stalker x3  
  60  13:23  Pylon  
  60  13:24  Pylon  
  60  13:26  Stalker  
  62  13:33  Pylon  
  61  13:35  Pylon  
  60  13:46  Probe x2  
  61  13:48  Stalker  
  61  13:49  Stalker  
  61  13:54  Probe, Zealot  
  61  13:55  Probe  
  66  13:58  Probe  
  69  14:25  Assimilator  
  69  14:26  Zealot  
  69  14:27  Zealot  
  69  14:28  Nexus  
  69  14:29  Assimilator  
  73  14:39  Stalker  
  73  14:40  Stalker  
  73  14:44  Stalker  
  79  15:05  Dark Shrine  
  79  15:10  Stalker x3  
  79  15:11  Stalker x2  
  89  15:16  Probe x2  
  89  15:17  Probe  
  92  15:31  Zealot  
  92  15:33  Zealot  
  96  15:43  Forge  
  96  15:45  Pylon  
  96  15:47  Forge  
  96  15:48  Probe x2, Pylon  
  96  15:49  Probe  
  99  16:01  Stalker x2  
  83  16:13  Stalker x2  
  83  16:14  Stalker  
  68  16:18  Stalker  
  68  16:25  Stalker  
  59  16:26  Stalker  
  57  16:38  Stalker x2  
  49  16:40  Stalker  
  51  16:47  Dark Templar  
  51  16:53  Dark Templar  
  51  16:57  Dark Templar  
  53  17:03  Dark Templar  
  53  17:07  Dark Templar  
  57  17:09  Archon  
  57  17:14  Archon  
  57  17:17  Dark Templar  
  57  17:18  Dark Templar  
  61  17:29  Archon  
  61  17:31  Dark Templar x2  
  61  17:34  Dark Templar  
  67  17:38  Stalker  
  67  17:43  Archon  
  69  17:46  Archon  
  69  17:48  Dark Templar x2  
  60  18:01  Probe x2  
  60  18:02  Probe  
Tags
 
Composition
Carriers
Matchup
PvP
Replay Pack
Multiplayer
Spawn Locations
Cross Positions
Add a new tag
Caveats
  • Supply blocks, unpowered buildings, or Contaminate may cause inaccurate times.
  • Supply counts are checked every 10 seconds.